 Dungeon Crawl Stone Soup version 0.25-a0-707-g603da07 (webtiles) character file.

Game seed: 13168936799388905889, levelgen mode: deterministic

5 Firecrotchwizard the Firebug (level 1, -1/14 HPs)
             Began as a Draconian Fire Elementalist on Apr 5, 2020.
             Slain by a hobgoblin
             ... wielding a cursed +0 whip
              (2 damage)
             ... on level 1 of the Dungeon.
             The game lasted 00:00:39 (101 turns).

Firecrotchwizard the Firebug (DrFE)                  Turns: 101, Time: 00:00:39

Health: -1/14      AC:  4    Str: 10    XL:     1   Next: 66%
Magic:  0/3        EV: 12    Int: 15    God:
Gold:   0          SH:  0    Dex: 11    Spells: 3/4 levels left

rFire    . . .     SeeInvis .   d - +0 club
rCold    . . .     Gourm    .   (no shield)
rNeg     . . .     Faith    .   (armour unavailable)
rPois    .         Spirit   .   (helmet restricted)
rElec    .         Reflect  .   (no cloak)
rCorr    .         Harm     .   (no gloves)
MR       .....                  (no boots)
Stlth    ++........             (no amulet)
HPRegen  0.04/turn              (no ring)
MPRegen  0.08/turn              (no ring)

@: lethally poisoned (-1 -> -11), very slightly contaminated
A: unfitting armour, cold-blooded, AC +4
a: no special abilities


You were on level 1 of the Dungeon.
You were not hungry.

You visited 1 branch of the dungeon, and saw 1 of its levels.

Inventory:

Hand Weapons
 d - a +0 club (weapon)
   (You took it off a goblin on level 1 of the Dungeon)
Scrolls
 f - a scroll of immolation {unknown}
Potions
 a - a potion of heal wounds {unknown}
 e - a potion of haste {unknown}
Comestibles
 b - 2 rations
 c - 2 chunks of flesh {@w0}


   Skills:
 + Level 1.9 Dodging
 + Level 1.9 Stealth
 + Level 2.0 Spellcasting
 + Level 1.1 Conjurations
 + Level 3.0 Fire Magic


You had 3 spell levels left.
You knew the following spells:

 Your Spells              Type           Power        Failure   Level  Hunger
a - Foxfire               Conj/Fire      #...         10%         1    #......

Your spell library contained the following spells:

 Spells                   Type           Power        Failure   Level  Hunger
 Conjure Flame            Conj/Fire      #.......     28%         3    ###....
 Inner Flame              Hex/Fire       #.......     34%         3    ###....
 Sticky Flame             Conj/Fire      #.......     67%         4    #####..
 Fireball                 Conj/Fire      #.........   95%         5    ######.


Dungeon Overview and Level Annotations

Branches:
Dungeon (1/15)

Altars:


Innate Abilities, Weirdness & Mutations

Your plain brown scales are hard. (AC +4)
You cannot fit into any form of body armour.
You are cold-blooded and may be slowed by cold attacks.


Message History

The bat hits you but does no damage.
The foxfire hits the bat.
You kill the bat!
You butcher the bat corpse.
c - a chunk of flesh {@w0} You see here a bat skeleton. x2
A goblin comes into view. It is wielding a +0 club.
The goblin shouts!
MP restored: 3 The goblin hits you but does no damage.
You conjure some foxfire!
The goblin hits you but does no damage.
You now have 2/3 mp.
You closely miss the goblin.
The foxfire hits the goblin. x2
You kill the goblin!
No target in view!
d - a +0 club You butcher the goblin corpse.
c - 2 chunks of flesh {@w0} (gained 1)
You see here a goblin skeleton. x2
d - a +0 club (weapon)
e - a bubbling pink potion You see here a bat skeleton.
f - a scroll labeled JENEOP ZUEDAI MP restored: 3 A hobgoblin comes into view.
It is wielding a +0 whip and quivering 12 poisoned darts.
No target in view!
A giant cockroach comes into view.
A goblin comes into view.
The goblin moves out of view.
The giant cockroach bites you. x2
You take 3 damage, and have 11/14 hp.
MASSIVE DAMAGE!!
You don't know that spell.
You conjure some foxfire!
The giant cockroach bites you but does no damage.
You now have 2/3 mp.
You closely miss the giant cockroach.
You tail-slap the giant cockroach, but do no damage.
The foxfire hits the giant cockroach.
The foxfire hits the giant cockroach but does no damage.
The giant cockroach barely misses you.
You hit the giant cockroach.
You kill the giant cockroach!
You start resting.
The goblin is too close now for your liking.
The goblin hits you.
You take 2 damage, and have 9/14 hp.
You are too injured to fight recklessly!
You are too injured to fight recklessly!
You are too injured to fight recklessly!
You miss the goblin.
Your tail-slap misses the goblin.
A bat comes into view.
The goblin barely misses you.
The bat moves out of view.
You closely miss the goblin.
The hobgoblin shouts!
You hear a shout!
The hobgoblin throws a poisoned dart.
The poisoned dart closely misses you. The goblin barely misses you.
The hobgoblin throws a poisoned dart.
The poisoned dart hits you!
You are lethally poisoned!
You feel sick.
A kobold comes into view. It is wielding a -1 whip.
The hobgoblin throws a poisoned dart.
The poisoned dart closely misses you.
A goblin comes into view. It is wielding a +0 club.
You take 1 damage, and have 8/14 hp.
You conjure some foxfire!
The goblin shouts!
You feel sick. The goblin misses you. The bat barely misses you.
You take 1 damage, and have 7/14 hp.
You miscast Foxfire.
You are very lightly contaminated with residual magic.
Nothing appears to happen.
You feel sick.
The foxfire hits the bat but does no damage.
The bat hits you. The bat closely misses you. The goblin hits you.
* * * LOW HITPOINT WARNING * * *
You take 4 damage, and have 3/14 hp.
MASSIVE DAMAGE!!
You now have 1/3 mp.
You conjure some foxfire!
The foxfire hits the bat.
You kill the bat!
The goblin closely misses you.
The hobgoblin hits you but does no damage.
You now have 0/3 mp.
Unknown command.
You don't have enough magic to cast that spell.
You closely miss the hobgoblin.
* * * LOW HITPOINT WARNING * * *
You feel sick.
The foxfire hits the goblin.
You kill the goblin!
The hobgoblin barely misses you.
You take 1 damage, and have 3/14 hp.
You hit the hobgoblin but do no damage.
Your tail-slap misses the hobgoblin.
* * * LOW HITPOINT WARNING * * *
You feel sick.
The hobgoblin hits you but does no damage.
The hobgoblin misses you.
You take 1 damage, and have 2/14 hp.
You hit the hobgoblin.
* * * LOW HITPOINT WARNING * * *
You feel sick.
The hobgoblin hits you with a cursed +0 whip.
You die...

.... .... ######
##... ..(.. ....
#...##..# ..
#.#.....#....
#..(......... .
#..(##.. ...
#####.#@#....
.....#.....g†gK.....
..............[.###.
...#...#....[...#
#.#.###........#
#.#.# #........#
#.#.# #........#
#...# #........#
##..## ###..#####


You could see a hobgoblin, a goblin and a kobold.

Vanquished Creatures
  A giant cockroach (D:1)
  2 goblins (D:1)
  2 bats (D:1)
5 creatures vanquished.

Vanquished Creatures (others)
  6 foxfires (D:1)
6 creatures vanquished.

Grand Total: 11 creatures vanquished

Notes
Turn   | Place    | Note
-------+----------+-------------------------------------------
     0 | D:1      | Firecrotchwizard the Draconian Fire Elementalist began the
                  | quest for the Orb.
     0 | D:1      | Reached XP level 1. HP: 14/14 MP: 3/3
    97 | D:1      | HP: 3/14 [goblin (2)]
   101 | D:1      | HP: 1/14 [poisoned by a hobgoblin]
   101 | D:1      | Slain by a hobgoblin

Levels and vault maps discovered:
D:1:      dpeg_arrival_rooms_c, layout_rooms, minivault_5

Action                   || total
-------------------------++-------
Melee: Club              ||     7
       Unarmed           ||     1
       Tailslap          ||     1
 Cast: Foxfire           ||     5
Armor: Skin              ||     5
Dodge: Dodged            ||    12

Table legend:
 A = Non-vault XP
 B = Vault XP
 C = Vault XP percentage of total XP
 D = Non-vault monster count
 E = Vault monster count
 F = Vault count percentage of total count
                 A         B        C        D         E       F
            +---------+---------+-------+---------+---------+-------
      Total |       8 |       0 |   0.0 |       5 |       0 |   0.0
            +---------+---------+-------+---------+---------+-------
        D:1 |       8 |       0 |   0.0 |       5 |       0 |   0.0
            +---------+---------+-------+---------+---------+-------

Levels and vault maps discovered:
D:1:      dpeg_arrival_rooms_c, layout_rooms, minivault_5

Table legend:
 A = Turns spent in this place as a percentage of turns spent in the entire game.
 B = Non-inter-level travel turns spent in this place as a percentage of non-inter-level travel turns spent in the entire game.
 C = Inter-level travel turns spent in this place as a percentage of turns spent in this place.
 D = Turns resting spent in this place as a percentage of non-inter-level travel turns spent in this place.
 E = Turns spent auto-exploring this place as a percentage of non-inter-level travel turns spent in this place.
 F = Non-inter-level travel turns spent in this place divided by the number of levels of this place that you've seen.
                   A       B       C       D       E      F
               +-------+-------+-------+-------+-------+----------------------
         Total | 100.0 | 100.0 |   0.0 |   3.0 |  63.4 | 101.0
       Dungeon | 100.0 | 100.0 |   0.0 |   3.0 |  63.4 | 101.0
               +-------+-------+-------+-------+-------+----------------------

Table legend:
 A = Kills in this place as a percentage of kills in entire the game.
 B = Kills by you in this place as a percentage of kills by you in the entire game.
 C = Kills by friends in this place as a percentage of kills by friends in the entire game.
 D = Other kills in this place as a percentage of other kills in the entire game.
 E = Experience gained in this place as a percentage of experience gained in the entire game.
 F = Experience gained in this place divided by the number of levels of this place that you have seen.
                   A       B       C       D       E      F
               +-------+-------+-------+-------+-------+----------------------
         Total | 100.0 | 100.0 |   N/A |   N/A | 100.0 |   8.0
       Dungeon | 100.0 | 100.0 |   N/A |   N/A | 100.0 |   8.0
               +-------+-------+-------+-------+-------+----------------------
